AoeStats
← SVEDESE

Arabia

504516384Analyzed
3v3 RM · 27d ago on Sep 5, 2026· 15m 18s· 6 players
Game mode
Random Map
Map size
Normal (6 player)
Population
200
Speed
Normal
Resources
Standard
Victory
Conquest
Starting age
Dark Age
Ending age
Imperial Age
RankedLock teamsTeams togetherTeam positionsShared explorationLock speedFull tech treeHidden civsTurbo modeCheats
Victory
Defeat
🇧🇪 Celts · Belgium
828
+11
🇵🇪 Vietnamese · Peru
801
+12
🇮🇹 Teutons · Italy
517
+24
🇩🇪 Vietnamese · Germany
770
-17
🇪🇸 Burgundians · Spain
686
-15
🇭🇰 Spanish · Hong Kong SAR China
683
-15
Official-Spyro
3:54 Loom
12:19 Feudal Age
14:54 Horse Collar
Roxitos9
1:17 Wheelbarrow
6:58 Horse Collar
13:09 Feudal Age
11:33 Double-Bit Axe
14:11 Bow Saw
14:04 Heavy Plow
lookinsang
0:32 Loom
13:23 Feudal Age
15:27 Wheelbarrow
EyesOfWar
11:01 Feudal Age
9:48 Loom
11:51 Double-Bit Axe
11:47 Horse Collar
11:58 Gold Mining
11:49 Man-at-Arms
14:25 Scale Mail Armor
SVEDESE
9:25 Feudal Age
9:57 Double-Bit Axe
π³
1:45 Loom
16:16 Feudal Age
Connection lost

Rejoining the realm…

Still unreachable

The connection could not be restored.

Session expired

The server has moved on; the page needs a fresh start.